 Dungeon Crawl Stone Soup version 0.26.1-10-gdfb7c7de75 (webtiles) character file.

Game seed: 2225430121113308547

151 tardwrangler69 the Shield-Bearer (level 5, -4/47 HPs)
             Began as a Minotaur Fighter on Apr 1, 2021.
             Slain by a gnoll
             ... wielding a +0 halberd
              (10 damage)
             ... on level 3 of the Dungeon.
             The game lasted 00:01:44 (2328 turns).

tardwrangler69 the Shield-Bearer (Minotaur Fighter) Turns: 2328, Time: 00:01:45

Health: -4/47      AC:  7    Str: 22    XL:     5   Next: 11%
Magic:  4/4        EV:  7    Int:  5    God:
Gold:   240        SH:  9    Dex:  9    Spells: 4/4 levels left

rFire    . . .     SeeInvis .   a - +0 war axe
rCold    . . .     Faith    .   c - +0 kite shield
rNeg     . . .     Spirit   .   b - +0 scale mail
rPois    .         Reflect  .   (helmet restricted)
rElec    .         Harm     .   (no cloak)
rCorr    .         Rampage  .   (no gloves)
Will     .....                  (no boots)
Stlth    ..........             (no amulet)
HPRegen  0.15/turn              (no ring)
MPRegen  0.09/turn              (no ring)

@: no status effects
A: retaliatory headbutt, horns 2
a: no special abilities


You were on level 3 of the Dungeon.
You visited 1 branch of the dungeon, and saw 3 of its levels.

You collected 240 gold pieces.

Inventory:

Hand Weapons
 a - a +0 war axe (weapon)
Armour
 b - a +0 scale mail (worn)
 c - a +0 kite shield (worn)
Jewellery
 r - an uncursed ring of stealth {unknown}
 s - an uncursed ring of flight {unknown}
Wands
 p - a wand of polymorph (7)
Scrolls
 g - 3 scrolls of teleportation {unknown}
 i - a scroll of fear {unknown}
 j - 4 scrolls of identify {unknown}
 k - 2 scrolls of remove curse {unknown}
 m - 3 scrolls of magic mapping {unknown}
Potions
 d - 2 potions of might
 e - a potion of attraction {unknown}
 f - 3 potions of curing {unknown}
 h - 2 potions of heal wounds {unknown}
 l - a potion of degeneration {unknown}
 n - a potion of lignification {unknown}
 o - a potion of cancellation {unknown}
 q - a potion of resistance {unknown}


   Skills:
 + Level 4.5 Fighting
 * Level 4.5 Axes
 + Level 4.4 Armour
 + Level 4.5 Shields


You had 4 spell levels left.
You didn't know any spells.
Your spell library contained the following spells:

 Spells                   Type           Power        Failure   Level
 Confusing Touch          Hex            0%           100%        3
 Gell's Gravitas          Tloc           0%           100%        3
 Petrify                  Tmut/Erth      0%           100%        4
 Metabolic Englaciation   Hex/Ice        0%           100%        5
 Yara's Violent Unravell  Hex/Tmut       0%           100%        5


Dungeon Overview and Level Annotations

Branches:
Dungeon (3/15)

Altars:
Wu Jian
The Shining One


Innate Abilities, Weirdness & Mutations

You reflexively headbutt those who attack you in melee.
You have a pair of horns on your head.


Message History

You are too injured to fight recklessly!
You are too injured to fight recklessly!
Your shield and scale mail prevent you from hitting the gnoll.
The gnoll is moderately wounded.
You hit the gnoll. You block the gnoll's attack.
The gnoll hits you with a +0 halberd.
You hit the gnoll.
The gnoll is moderately wounded.
You hit the gnoll but do no damage. The gnoll closely misses you.
You block the gnoll's attack.
You hit the gnoll. Your headbutt misses the gnoll.
The gnoll is heavily wounded.
You slash the gnoll!
You kill the gnoll!
The gnoll hits you with a +0 halberd!
* * * LOW HITPOINT WARNING * * *
You slash the gnoll!
The gnoll is almost dead.
The gnoll hits you with a +0 halberd!
You die...

.......'....................##...
.......'.........................
≈≈≈≈≈≈≈##.................#......
≈≈≈≈≈≈≈##........................
≈≈≈≈≈≈≈##..........##...#.#......
≈≈≈≈≈≈###......≈≈................
≈≈≈≈≈## #......≈⌠≈..........#...)
≈≈≈≈## #.......≈...........#....
≈≈≈## ......g@..#........#....
≈≈## ....####)#..............
######. ......g)$#..............
....... .............####......
....... .......................
....... .......................
####### #################......
##### #...... #...# ###......


You could see a gnoll.

Vanquished Creatures
  Jessica (D:3)
  5 adders
  2 gnolls (D:3)
  A dart slug (D:3)
  4 leopard geckos
  3 giant cockroaches
  5 goblins
  5 hobgoblins
  3 jackals (D:2)
  4 kobolds
  2 quokkas
  4 ball pythons
  9 bats
  2 frilled lizards (D:2)
  4 rats
54 creatures vanquished.

Notes
Turn   | Place    | Note
-------+----------+-------------------------------------------
     0 | D:1      | tardwrangler69 the Minotaur Fighter began the quest for the
                  | Orb.
     0 | D:1      | Reached XP level 1. HP: 19/19 MP: 0/0
   242 | D:1      | Reached XP level 2. HP: 26/27 MP: 1/1
  1188 | D:2      | Reached XP level 3. HP: 33/33 MP: 2/2
  1465 | D:2      | Found a faded altar of an unknown god.
  1715 | D:3      | Noticed Jessica
  1726 | D:3      | Killed Jessica
  1727 | D:3      | Reached XP level 4. HP: 30/40 MP: 3/3
  1823 | D:3      | Found an ornate altar of the Wu Jian Council.
  1954 | D:3      | Found a glowing golden altar of the Shining One.
  2321 | D:3      | Reached XP level 5. HP: 32/47 MP: 4/4
  2328 | D:3      | Slain by a gnoll

Illustrated notes

Levels and vault maps discovered:
D:1:      wander_arrival_chamber, layout_basic, serial_forest,
          infiniplex_forest_fountain, infiniplex_forest_straight_2,
          infiniplex_forest_lined_ring, infiniplex_forest_end_2
D:2:      layout_loops_ring, chequers_ecumenical_altar_twisty
D:3:      kennysheep_big_flooded_room, layout_basic, nzn_wu_jian_council_hall,
          nicolae_tso_carved_into_rock, corexii_leaking_fountain, uniq_jessica

Skill      XL: |  1  2  3 |
---------------+----------+-----
Axes           | 3 4 |  4.5
Fighting       | 4 |  4.5
Armour         | 4 |  4.4
Shields        | 4 |  4.5

Action                   |  1- 3 |  4- 6 || total
-------------------------+-------+-------++-------
Melee: War axe           |   100 |    59 ||   159
       Headbutt          |     9 |     7 ||    16
Armor: Scale mail        |    57 |    28 ||    85
Dodge: Dodged            |    32 |    20 ||    52
Block: Kite shield       |    57 |    33 ||    90
